 Dungeon Crawl Stone Soup version 0.25-a0-160-gd1d2e81aba (webtiles) character file.

Game seed: 4220284560921139180, levelgen mode: deterministic

105 Kisielow the Cudgeler (level 4, -1/28 HPs)
             Began as a Gargoyle Fighter on Nov 21, 2019.
             Slain by an orc priest
             ... wielding a +0 falchion
              (3 damage)
             ... on level 2 of the Dungeon.
             The game lasted 00:03:50 (2192 turns).

Kisielow the Cudgeler (Gargoyle Fighter)            Turns: 2192, Time: 00:03:51

Health: -1/28      AC: 11    Str: 20    XL:     4   Next: 83%
Magic:  4/4        EV:  5    Int:  9    God:
Gold:   103        SH: 13    Dex:  9    Spells: 3/3 levels left

rFire    . . .     SeeInvis .   a - +0 flail
rCold    . . .     Gourm    .   l - +0 large shield
rNeg     + + .     Faith    .   b - +0 scale mail
rPois    ∞         Spirit   .   n - +0 helmet
rElec    +         Reflect  .   (no cloak)
rCorr    .         Harm     .   (no gloves)
MR       .....                  (no boots)
Stlth    ..........             (no amulet)
HPRegen  0.09/turn              i - ring of positive energy
MPRegen  0.09/turn              (no ring)

@: no status effects
A: negative energy resistance 1, electricity resistance, unbreathing,
petrification resistance, rot immunity, AC +3
a: no special abilities


You were on level 2 of the Dungeon.
You were not hungry.

You visited 1 branch of the dungeon, and saw 3 of its levels.

You collected 103 gold pieces.

Inventory:

Hand Weapons
 a - a +0 flail (weapon)
Armour
 b - a +0 scale mail (worn)
 l - a +0 large shield (worn)
 n - a +0 helmet (worn)
Jewellery
 i - a ring of positive energy (left hand)
 j - an uncursed ring of positive energy
 q - an uncursed ring of fire
 r - an uncursed ring of flight
Scrolls
 g - a scroll of enchant weapon {unknown}
 k - 3 scrolls of identify {unknown}
 m - 3 scrolls of teleportation {unknown}
 s - a scroll of enchant armour {unknown}
 w - a scroll of remove curse {unknown}
Potions
 c - a potion of mutation {unknown}
 d - a potion of might
 e - a potion of lignification {unknown}
 o - a potion of agility {unknown}
 p - a potion of flight {unknown}
 t - a potion of invisibility {unknown}
 u - a potion of cancellation {unknown}
 v - a potion of haste {unknown}
Comestibles
 f - 6 rations


   Skills:
 + Level 3.5 Fighting
 * Level 4.3 Maces & Flails
 + Level 3.5 Armour
 + Level 3.5 Shields


You had 3 spell levels left.
You didn't know any spells.
Your spell library was empty.

Dungeon Overview and Level Annotations

Branches:
Dungeon (3/15)

Altars:
Kikubaaqudgha


Innate Abilities, Weirdness & Mutations

You are resistant to torment.
Your stone body is resilient. (AC +3)
You are immune to poison.
You resist negative energy. (rN+)
You are resistant to electric shocks. (rElec)
You can survive without breathing.
You are immune to petrification.
You are immune to rotting.


Message History

The orc is almost dead.
The kobold barely misses you. The orc barely misses you.
You block the kobold's attack.
You closely miss the orc.
The orc is almost dead.
The orc barely misses you. You block the kobold's attack.
You block the orc's attack.
You hit the orc.
You kill the orc!
The kobold hits you but does no damage.
You hit the orc priest.
The orc priest is moderately wounded.
You block the kobold's attack. You block the orc priest's attack.
The kobold hits you but does no damage.
You closely miss the orc priest.
The orc priest is moderately wounded.
The orc priest looks satisfied for a moment.
You block the kobold's attack.
The orc priest hits you with a +0 falchion.
You die...

######## #.##.........# ##### .#
#.###.######## .# #.# #.# .# #.#
#.# ## #.# #.# # #.# #.######## #
#.# #........# # ##.##########.#
# #....o@K......# #
#..##########.# # #..#
#.######### # #..# #........[. #
#..# #..#######.
###########.†##########..# #.
..........#...........#..#######.
#########.#.####).###.#..##......
#### #.#.# #..# #............


You could see an orc priest and a kobold.

Vanquished Creatures
  3 adders (D:2)
  2 worms (D:2)
  4 dart slugs
  3 leopard geckos
  An orc (D:2)
  2 ball pythons (D:2)
  4 giant cockroaches
  10 goblins
  5 hobgoblins
  4 jackals (D:1)
  5 kobolds
  2 quokkas (D:2)
  7 bats
  2 frilled lizards (D:1)
  4 rats (D:1)
58 creatures vanquished.

Notes
Turn   | Place    | Note
-------+----------+-------------------------------------------
     0 | D:1      | Kisielow the Gargoyle Fighter began the quest for the Orb.
     0 | D:1      | Reached XP level 1. HP: 14/14 MP: 1/1
   141 | D:1      | Reached XP level 2. HP: 16/19 MP: 2/2
   284 | D:1      | Reached skill level 3 in Maces & Flails
   576 | D:1      | Reached XP level 3. HP: 23/23 MP: 3/3
  1262 | D:2      | Reached skill level 4 in Maces & Flails
  1390 | D:2      | Reached XP level 4. HP: 28/28 MP: 4/4
  1557 | D:2      | Found an ancient bone altar of Kikubaaqudgha.
  2192 | D:2      | Slain by an orc priest

Levels and vault maps discovered:
D:1:      matt_arrival_diagonals, layout_loops_corners, st_stairs_14, hex_tiny,
          minivault_5
D:2:      layout_loops_ring, lemuel_round_altar, kennysheep_generic_room_3
D:3:      layout_basic, marbit_many_paths, first_ration

Skill      XL: |  1  2  3 |
---------------+----------+-----
Maces & Flails | 3 4 |  4.3
Fighting       | |  3.5
Armour         | |  3.5
Shields        | |  3.5

Action                   |  1- 3 |  4- 6 || total
-------------------------+-------+-------++-------
Melee: Flail             |   124 |    77 ||   201
  Eat: Chunk             |     2 |     2 ||     4
Armor: Scale mail        |    76 |    49 ||   125
Dodge: Dodged            |    43 |    22 ||    65
Block: Shield            |    43 |       ||    43
       Large shield      |    44 |    83 ||   127

Table legend:
 A = Non-vault XP
 B = Vault XP
 C = Vault XP percentage of total XP
 D = Non-vault monster count
 E = Vault monster count
 F = Vault count percentage of total count
                 A         B        C        D         E       F
            +---------+---------+-------+---------+---------+-------
      Total |     148 |       3 |   2.0 |      56 |       2 |   3.4
            +---------+---------+-------+---------+---------+-------
        D:1 |      47 |       2 |   4.1 |      28 |       1 |   3.4
        D:2 |     101 |       1 |   1.0 |      28 |       1 |   3.4
            +---------+---------+-------+---------+---------+-------
